 Dungeon Crawl Stone Soup version 0.31.0-11-ge490571c62 (webtiles) character file.

Game seed: 8118690828111554680

3997 ces the Skirmisher (level 10, 0/47 HPs)
             Began as a Spriggan Hunter on Feb 1, 2024.
             Was an Initiate of Gozag.
             Slain by a wyvern (3 damage)
             ... on level 9 of the Dungeon.
             The game lasted 00:14:07 (10794 turns).

ces the Skirmisher (Spriggan Hunter)               Turns: 10794, Time: 00:14:07

Health: 0/47       AC:  2    Str:  7    XL:     10   Next: 3%
Magic:  11/11      EV: 22    Int: 10    God:    Gozag
Gold:   1097       SH:  0    Dex: 24    Spells: 9/9 levels left

rFire   . . .        a - +0 shortbow
rCold   . . .        (shield currently unavailable)
rNeg    . . .        c - +0 robe
rPois   .            (helmet restricted)
rElec   .            (no cloak)
rCorr   .            (gloves unavailable)
SInv    +            (boots unavailable)
Will    +....        (no amulet)
Stlth   ++++         (no ring)
HPRegen 0.27/turn    (no ring)
MPRegen 0.12/turn

%: no passive effects
@: very quick
A: very small, no large weapons, unfitting armour, see invisible, speed 3
a: Renounce Religion, Potion Petition, Call Merchant, Bribe Branch


You were on level 9 of the Dungeon.
You worshipped Gozag.
Gozag was most pleased with you.
You visited 2 branches of the dungeon, and saw 10 of its levels.

You collected 1122 gold pieces.
You paid 25 gold pieces to Gozag.

Inventory:

Hand Weapons
 a - a +0 shortbow (weapon)
Armour
 c - a +0 robe (worn)
Jewellery
 f - a ring of protection from cold
 p - an amulet of reflection
 w - an amulet of regeneration
 x - a ring of fire
 E - an amulet of guardian spirit
Wands
 y - a wand of mindburst (14)
 D - a wand of charming (2)
Scrolls
 d - 2 scrolls of fog
 e - 2 scrolls of teleportation
 h - 2 scrolls of fear {unknown}
 i - 2 scrolls of amnesia
 j - 2 scrolls of revelation {unknown}
 k - a scroll of vulnerability {unknown}
 l - a scroll of poison {unknown}
 m - a scroll of torment {unknown}
 n - a scroll of immolation {unknown}
 r - a scroll of silence {unknown}
 s - 2 scrolls of noise {unknown}
 t - a scroll of enchant weapon {unknown}
 B - a scroll of identify
 C - a scroll of enchant armour {unknown}
Potions
 b - a potion of berserk rage
 g - 2 potions of haste
 u - 2 potions of resistance {unknown}
 v - 3 potions of degeneration {unknown}
 z - a potion of enlightenment {unknown}
 A - a potion of curing


   Skills:
 + Level 2.3 Fighting
 * Level 13.7 Ranged Weapons
 + Level 5.5 Dodging
 + Level 5.9 Stealth


You had 9 spell levels left.
You didn't know any spells.
Your spell library contained the following spells:

 Spells                   Type           Power      Damage    Failure   Level
 Apportation              Tloc           0%         N/A       36%         1
 Magic Dart               Conj           0%         1d3       36%         1
 Momentum Strike          Conj/Tloc      0%         3d8       50%         2
 Searing Ray              Conj           0%         2d4       50%         2
 Call Canine Familiar     Summ           0%         N/A       75%         3
 Sigil of Binding         Hex            0%         N/A       75%         3
 Teleport Other           Tloc           0%         N/A       75%         3
 Volatile Blastmotes      Fire/Tloc      0%         2d10      75%         3
 Animate Armour           Summ/Erth      0%         N/A       98%         4
 Dimensional Bullseye     Hex/Tloc       0%         N/A       98%         4
 Fulminant Prism          Conj/Alch      0%         3d5       98%         4
 Iskenderun's Mystic Bla  Conj/Tloc      0%         2d3       98%         4
 Passage of Golubria      Tloc           0%         N/A       98%         4
 Summon Lightning Spire   Summ/Air       0%         N/A       98%         4
 Lee's Rapid Deconstruct  Erth           0%         3d4*      100%        5


Dungeon Overview and Level Annotations

Branches:
Dungeon (9/15)             Temple (1/1) D:6            Lair (0/5) D:9
    Orc: D:9-12

Altars:
Ashenzari
Cheibriados
Dithmenos
Elyvilon
Fedhas
Gozag
Hepliaklqana
Kikubaaqudgha
Makhleb
Nemelex Xobeh
Okawaru
Qazlal
Trog
Uskayaw
Vehumet
Xom
Yredelemnul
The Shining One

Shops:
D:7 (

Annotations:
D:4 Natasha
D:9 Harold


Innate Abilities, Weirdness & Mutations

You are very small and have problems with some larger weapons.
You are too small for most types of armour.
You have supernaturally acute eyesight. (SInv)
You cover ground extremely quickly. (Speed+++)


Message History

A wyvern comes into view.
You see here a potion of heal wounds.
You shoot an arrow.
The arrow hits the wyvern but does no damage.
The wyvern hisses angrily.
You see here a potion of heal wounds.
You shoot an arrow. The arrow hits the wyvern.
The wyvern is lightly wounded.
You shoot an arrow. The arrow closely misses the wyvern.
You shoot an arrow. The arrow hits the wyvern!
The wyvern is heavily wounded.
You shoot an arrow.
The arrow hits the wyvern but does no damage.
The wyvern is heavily wounded.
The wyvern attacks as it pursues you! The wyvern closely misses you.
You shoot an arrow. The arrow hits the wyvern.
The wyvern is heavily wounded.
The wyvern misses you.
You shoot an arrow. The arrow hits the wyvern.
The wyvern is severely wounded.
The wyvern completely misses you.
You shoot an arrow.
The arrow hits the wyvern but does no damage.
The wyvern is severely wounded.
The wyvern bites you!!
You shoot an arrow.
The arrow hits the wyvern but does no damage.
The wyvern is severely wounded.
The wyvern misses you.
You shoot an arrow.
The arrow hits the wyvern but does no damage.
The wyvern is severely wounded.
The wyvern bites you!
There is an open door here.
The wyvern attacks as it pursues you! The wyvern misses you.
The wyvern attacks as it pursues you! The wyvern bites you!
* * * LOW HITPOINT WARNING * * *
The wyvern attacks as it pursues you! The wyvern bites you.
You die...
Your body crumbles into a pile of gold.

#.# # .####### ... ### .......#
... ..# .......# ....# # ## #.#
.....~.#### ##+## #.##. #.#
.....~....####### #.# #....###.#
.......##.##....# #.# #.....#.#
.......##.##....###.########.....
!..........'...k@..............>#
.########.##....############....#
.# #.##....##.. .........#.# .#
#.##....##.# ######..#.# ##
#.##....##.######........
#.##....##.##............
#.##....##.##.####.......
#.##....##............### ###...
#.##)..)..##.#


You could see a wyvern.

Vanquished Creatures
  Erica (D:8)
  A two-headed ogre (D:9)
  Sigmund (D:5)
  A wraith (D:5)
  2 water moccasins
  A black bear (D:5)
  A sky beast (D:8)
  2 phantoms
  3 kobold brigands
  3 bullfrogs
  Blork the orc (D:4)
  A scorpion (D:5)
  6 wights
  6 howler monkeys
  3 bombardier beetles
  3 hounds (D:6)
  A jelly (D:5)
  3 orc priests
  3 sleepcaps
  A gnoll bouda (D:7)
  4 iguanas
  3 orc wizards
  Natasha (twice) (D:4)
  Robin (D:3)
  3 gnolls (D:7)
  6 adders
  2 shadow imps
  4 white imps
  2 ufetubi (D:6)
  3 dart slugs
  17 orcs
  5 ball pythons
  3 bats
  3 endoplasms
  3 giant cockroaches (D:2)
  15 goblins
  11 hobgoblins
  5 jackals
  16 kobolds
  4 quokkas
  2 frilled lizards
  7 rats
165 creatures vanquished.

Notes
Turn   | Place    | Note
-------+----------+-------------------------------------------
     0 | D:1      | ces the Spriggan Hunter began the quest for the Orb.
     0 | D:1      | Reached XP level 1. HP: 10/10 MP: 2/2
   113 | D:1      | Reached XP level 2. HP: 14/14 MP: 3/3
   319 | D:1      | Reached skill level 5 in Ranged Weapons
   320 | D:1      | Reached XP level 3. HP: 18/18 MP: 4/4
  1283 | D:2      | Reached XP level 4. HP: 22/22 MP: 5/5
  1530 | D:3      | Found a hazy altar of Hepliaklqana.
  1807 | D:3      | Found an opulent altar of Gozag.
  1955 | D:3      | Became a worshipper of Gozag Ym Sagoz the Greedy
  2023 | D:3      | Noticed Robin
  2084 | D:3      | Killed Robin
  2085 | D:3      | Reached skill level 6 in Ranged Weapons
  2395 | D:3      | Found a blossoming altar of Fedhas.
  2664 | D:4      | Reached XP level 5. HP: 23/25 MP: 6/6
  2753 | D:4      | Noticed Blork the orc
  2836 | D:4      | Killed Blork the orc
  2837 | D:4      | Reached skill level 7 in Ranged Weapons
  3184 | D:4      | Reached XP level 6. HP: 20/30 MP: 7/7
  3393 | D:4      | Noticed Natasha
  3403 | D:4      | Killed Natasha
  3783 | D:4      | Noticed Natasha
  4071 | D:4      | Got the Catalogue of Geometries
  4103 | D:4      | Killed Natasha
  5144 | D:5      | Entered Level 5 of the Dungeon
  5253 | D:5      | Found a white marble altar of Elyvilon.
  5377 | D:5      | Reached skill level 8 in Ranged Weapons
  5411 | D:5      | Reached XP level 7. HP: 33/33 MP: 8/8
  5550 | D:5      | Noticed Sigmund
  5574 | D:5      | Killed Sigmund
  6663 | D:6      | Found a staircase to the Ecumenical Temple.
  6671 | D:6      | Noticed a wraith
  6727 | D:5      | Reached skill level 9 in Ranged Weapons
  6759 | D:4      | Noticed Natasha
  7282 | D:5      | Killed a wraith
  7283 | D:5      | Reached XP level 8. HP: 37/37 MP: 9/9
  7344 | D:6      | Found a stormy altar of Qazlal.
  7429 | D:6      | Reached skill level 10 in Ranged Weapons
  7760 | D:6      | Found a burning altar of Makhleb.
  7845 | Temple   | Entered the Ecumenical Temple
  7992 | D:7      | Found Jipait's Weapon Emporium.
  8021 | D:7      | Found a snail-covered altar of Cheibriados.
  8203 | D:7      | Found a shadowy altar of Dithmenos.
  8375 | D:7      | Reached skill level 11 in Ranged Weapons
  8415 | D:7      | Found an ancient bone altar of Kikubaaqudgha.
  9149 | D:8      | Reached XP level 9. HP: 41/41 MP: 10/10
  9359 | D:8      | Noticed Erica
  9402 | D:8      | Reached skill level 12 in Ranged Weapons
  9451 | D:8      | Killed Erica
  9542 | D:8      | Reached skill level 13 in Ranged Weapons
  9821 | D:8      | Found a flagged portal.
 10082 | D:9      | Found a staircase to the Lair.
 10207 | D:9      | Found a sparkling altar of Nemelex Xobeh.
 10256 | D:9      | Noticed a two-headed ogre
 10429 | D:9      | Found an iron altar of Okawaru.
 10467 | D:9      | Reached skill level 5 in Stealth
 10475 | D:9      | Reached skill level 5 in Dodging
 10575 | D:9      | Found a hide-covered altar of Uskayaw.
 10666 | D:9      | Noticed Harold
 10687 | D:9      | Killed a two-headed ogre
 10688 | D:9      | Reached XP level 10. HP: 47/47 MP: 11/11
 10794 | D:9      | Slain by a wyvern

Illustrated notes

Levels and vault maps discovered:
D:1:      doesnt_arrival_eight_statues, layout_basic,
          hangedman_decor_clover_reticule, minmay_small_reverse_x
D:2:      layout_basic, serial_co_window_serial, co_window_paths_b,
          co_window_paths_b, co_window_of_opportunity_a, co_window_corner_a,
          co_window_paths_a, co_window_cross_4, co_window_corner_b,
          co_window_broadway_c, co_window_corner_b, co_window_corner_b,
          glass_columns_a, glass_columns_b, glass_columns_a, glass_columns_a,
          nrook_loot_triangle
D:3:      layout_basic, mainiacjoe_overflow_tiny_flanked,
          nicolae_gozag_seed_capital, fedhas_altar_fruit_tree,
          minmay_misc_feat_alley, minmay_misc_feat_square, uniq_robin
D:4:      layout_layer_cave, nicolae_concentric_dashed_squares_mild,
          minmay_door_square, minmay_misc_feat_columns,
          corexii_item_surrounded_by_moat, serial_library_hellmonk_metal_room,
          uniq_blork_the_orc, uniq_natasha
D:5:      layout_gridville, lemuel_tele_altar, minmay_misc_feat_rugged,
          hex_large, uniq_sigmund
D:6:      layout_loops_cross, grunt_qazlal_sundering, lightli_temple_of_fire,
          temple_statues
D:7:      layout_basic, lemuel_doored_altar, mainiacjoe_overflow_alcove_4,
          amcnicky_altar_gilded, serial_shops, shop, kennysheep_cross_room
D:8:      layout_loops_ring, enter_bailey_5, uniq_erica
D:9:      layout_basic, mainiacjoe_overflow_brackets,
          nemelex_spade_bored_becter, hellmonk_sif_muna_bookshelves,
          okawaru_trees_2, dpeg_oklobed_lair, serial_library_hellmonk_hallway_a,
          uniq_psyche, uniq_harold
Temple:   nicolae_temple_stand_before_the_council

Skill      XL: |  1  2  3  4  5  6  7  8  9 |
---------------+----------------------------+-----
Ranged Weapons | 5 6 7 8 9 11 13 | 13.7
Dodging        | 3 4 5 |  5.5
Stealth        | 3 4 5 |  5.9
Fighting       | 2 |  2.3

Action                     |  1- 3 |  4- 6 |  7- 9 | 10-12 || total
---------------------------+-------+-------+-------+-------++-------
   Fire: Shortbow          |    99 |   208 |   490 |    14 ||   811
    Use: Potion            |       |     3 |     1 |       ||     4
         Scroll            |       |     3 |     4 |       ||     7
 Armour: Robe              |     4 |    31 |    53 |     4 ||    92
  Dodge: Dodged            |    38 |    55 |   125 |     5 ||   223
